 Dungeon Crawl Stone Soup version 0.22-a0-396-g3f858e3 (webtiles) character file.

52881 Gracefully the Warrior (level 14, -4/148 HPs)
             Began as a Hill Orc Fighter on May 3, 2018.
             Was the Champion of Beogh.
             Slain by a large abomination (32 damage)
             ... on level 2 of the Abyss on May 4, 2018.
             The game lasted 01:27:15 (21499 turns).

Gracefully the Warrior (Hill Orc Fighter)          Turns: 21499, Time: 01:27:15

Health: -4/148     AC: 16    Str: 24    XL:     14   Next: 66%
Magic:  17/17      EV: 14    Int:  8    God:    Beogh [******]
Gold:   1206       SH:  0    Dex: 13    Spells: 13/13 levels left

rFire    + + +     SeeInvis .   C - +10 morningstar of Trog's Castigation {crush, rF++}
rCold    + . .     Gourm    .   (no shield)
rNeg     . . .     Faith    .   b - +1 scale mail
rPois    +         Spirit   .   x - +0 helmet
rElec    +         Reflect  .   g - +0 cloak
rCorr    +         Harm     .   K - +0 pair of gloves {Dex+3}
MR       +....                  (no boots)
Stlth    ..........             h - amulet of regeneration
HPRegen  0.00/turn              Q - +5 ring of evasion
MPRegen  0.15/turn              L - +5 ring of protection (curse)

@: about to teleport, resistant, non-regenerating, diseased
A: walk on water
a: Smiting, Recall Orcish Followers, Give Item to Named Follower, Resurrection,
Renounce Religion


You were on level 2 of the Abyss.
You worshipped Beogh.
Beogh was exalted by your worship.
You were not hungry.

You visited 2 branches of the dungeon, and saw 20 of its levels.
You visited the Abyss 1 time.

You collected 1206 gold pieces.

Inventory:

Hand Weapons
 r - a +0 hunting sling
 C - the +10 morningstar of Trog's Castigation (weapon) {crush, rF++}
   (You found it on level 7 of the Dungeon)

   It inflicts extra damage upon your enemies.
   It greatly protects you from fire.
Missiles
 c - 417 stones (quivered)
 v - 21 tomahawks
 A - 2 throwing nets
Armour
 b - a +1 scale mail (worn)
 g - a +0 cloak (worn)
 x - a +0 helmet (worn)
 K - a +0 pair of gloves of dexterity (worn)
Jewellery
 h - an amulet of regeneration (around neck)
 F - an uncursed ring of resist corrosion
 H - an uncursed ring of ice
 J - an uncursed ring of protection from fire
 L - a cursed +5 ring of protection (right hand)
 O - an uncursed ring of magical power
 Q - a +5 ring of evasion (left hand)
 U - an uncursed ring of fire {unknown}
Wands
 k - a wand of iceblast (17)
 l - a wand of paralysis (32)
 m - a wand of clouds (5)
 t - a wand of flame (28)
 w - a wand of enslavement (11)
 E - a wand of polymorph (14)
 T - a wand of random effects (22)
 X - a wand of digging (9)
 Z - a wand of acid (6)
Scrolls
 i - 5 scrolls of fog
 n - 5 scrolls of amnesia
 q - 2 scrolls of magic mapping
 y - a scroll of teleportation
 z - 4 scrolls of enchant weapon
 B - 10 scrolls of remove curse
 R - a scroll of fear
 V - 2 scrolls of identify
 Y - a scroll of holy word {unknown}
Potions
 a - a potion of cancellation
 d - 2 potions of might
 e - 6 potions of curing
 j - 3 potions of haste
 o - a potion of berserk rage
 s - 2 potions of resistance
 u - a potion of magic
 G - 3 potions of lignification
 I - 5 potions of flight
 M - 4 potions of brilliance
 P - a potion of mutation
Miscellaneous
 N - a phantom mirror
 W - a fan of gales
Comestibles
 f - 24 rations


   Skills:
 - Level 20.0 Fighting
   Level 12.9(16.5) Axes
 - Level 14.7(16.0) Maces & Flails
 - Level 3.2 Armour
   Level 3.2 Shields
 + Level 5.2 Invocations


You had 13 spell levels left.
You didn't know any spells.

Dungeon Overview and Level Annotations

Branches:
Dungeon (14/15)            Temple (0/1) D:6            Lair (6/6) D:11
  Swamp (0/4) Lair:2       Spider (0/4) Lair:4        Slime (0/5) Lair:5
    Orc (0/2) D:10
 Vaults: D:13-14

Altars:
Ashenzari
Cheibriados
Dithmenos
Elyvilon
Fedhas
Gozag
Makhleb
Nemelex Xobeh
Okawaru
Sif Muna
Xom
Yredelemnul
Zin
The Shining One

Shops:
D:9 (%(   D:10 (

Annotations:
D:8 1 exclusion, Gastronok
Lair:2 exclusion: oklob plant
Lair:4 exclusion: ice statue
Lair:6 Rupert


Message History

You destroy the large abomination!
Beogh accepts your kill.
You are confused.
You feel invigorated. The large abomination hits you!
* * * LOW HITPOINT WARNING * * *
The red devil hits you from afar with a trident.
* * * LOW HITPOINT WARNING * * *
You bludgeon the large abomination!!
The large abomination is almost destroyed.
The large abomination hits you!
* * * LOW HITPOINT WARNING * * *
The red devil hits you but does no damage.
The large abomination barely misses you.
The red devil hits you but does no damage.
The large abomination closely misses you.
You feel protected.
You feel less invigorated.
You feel less confused. The red devil barely misses you.
The large abomination hits you!!
You die...

###.....#. ...#.
#. ....... # . ###
... ....# ....
#..#..###.. . #...
. *#..##.# ####
...#hx .#. .
#.##....# . . ##.#
#.X#G.§..##...G
#@.4hx§#....#.#G..
#..#X.§#.. ...#.##
#.##..##..# . #.
####.....#..##
####.. ..##..#
..### .. #.# #.. #
.. ####


You could see a great orb of eyes, 2 large abominations, a raiju, a red devil
and a small abomination.

Vanquished Creatures
  A tentacled starspawn (Abyss:2)
  Kirke (D:13)
  A great orb of eyes (D:14)
  Josephine (Lair:5)
  5 hydras
  A catoblepas (Lair:6)
  3 centaur warriors
  A two-headed ogre (D:13)
  A thrashing horror (Abyss:2)
  2 wretched stars (Abyss:2)
  An unseen horror (D:13)
  An oklob plant (Lair:2)
  An orb spider (Lair:4)
  A manticore (D:12)
  A worldbinder (Abyss:2)
  A black mamba (Lair:2)
  2 cyclopes
  3 centaur zombies
  6 ugly things
  Psyche (D:8)
  A guardian serpent (Abyss:2)
  Maurice (D:8)
  An elephant (Lair:6)
  3 gargoyles
  A freezing wraith (D:14)
  An orange demon (Abyss:2)
  7 spiny frogs
  3 komodo dragons
  An ancient zyme (Abyss:2)
  A tyrant leech (Lair:2)
  A hornet (D:14)
  A queen bee (D:9)
  3 trolls
  2 polar bears (Lair:4)
  A raiju (Abyss:2)
  A blink frog (Lair:3)
  4 hippogriffs
  5 dream sheep (Lair:4)
  7 slime creatures
  A flying skull (Abyss:2)
  12 yaks
  A hog (D:13)
  4 wraiths (Lair:5)
  5 wyverns
  3 basilisks
  2 vampire mosquitoes (D:14)
  Eustachio (D:6)
  2 wargs (D:11)
  8 water moccasins
  8 porcupines
  A swamp worm (Lair:2)
  4 large abominations (Abyss:2)
  9 ice beasts
  8 orc warriors
  2 sky beasts
  A black bear (D:8)
  2 phantoms
  9 wolves
  4 ogres
  2 necrophages
  11 centaurs
  11 crocodiles
  9 bullfrogs
  A wyvern skeleton (D:13)
  2 water moccasin zombies
  4 small abominations (Abyss:2)
  3 scorpions
  A water moccasin skeleton (D:7)
  29 killer bees
  A howler monkey (D:4)
  8 crimson imps
  4 bullfrog zombies
  10 jellies
  3 quasits
  7 starcursed masses (Abyss:2)
  3 hounds
  4 centaur skeletons
  16 orc wizards
  5 bullfrog skeletons
  4 orc priests
  An iron imp (Abyss:2)
  5 iguanas
  8 worker ants
  3 worker ant zombies
  12 adders
  A gnoll (D:1)
  3 shadow imps
  A white imp (Lair:4)
  An ufetubus (Abyss:2)
  An adder skeleton (D:9)
  An adder zombie (D:7)
  3 worms (D:2)
  6 dart slugs
  5 leopard geckos
  44 orcs
  10 bats
  5 giant cockroaches
  5 goblins
  A hobgoblin (D:2)
  5 jackals
  8 kobolds
  7 quokkas
  4 frilled lizards
  A leopard gecko skeleton (D:4)
  A quokka skeleton (D:8)
  5 rats
452 creatures vanquished.

Vanquished Creatures (collateral kills)
  3 hydras
  A death knight (D:14)
  2 ugly things (D:14)
  2 spiny frogs (Lair:6)
  A black mamba (Lair:6)
  4 komodo dragons
  A freezing wraith (D:14)
  A polar bear (Lair:6)
  A wind drake (Lair:6)
  2 tyrant leeches (Lair:2)
  2 blink frogs (Lair:3)
  A hornet (D:10)
  A slime creature (D:14)
  A hippogriff (Lair:1)
  A wraith (D:14)
  A wyvern (Lair:6)
  A basilisk (Lair:5)
  7 yaks
  A warg (D:11)
  2 swamp worms (Lair:2)
  2 water moccasins (Lair:6)
  2 porcupines
  4 ice beasts (Lair:4)
  A wolf (Lair:4)
  4 centaurs (D:14)
  2 crocodiles
  A big kobold (D:10)
  A bullfrog (Lair:3)
  A centaur skeleton (D:12)
  6 jellies (Lair:5)
  2 white imps (Lair:4)
  5 orcs
  A quokka (D:11)
  3 kobolds
  A butterfly (Lair:1)
  10 fungi
  3 plants
85 creatures vanquished.

Vanquished Creatures (others)
  3 orc knights (D:14)
  A hog (D:13)
  11 orc warriors
  An ice beast (D:13)
  A centaur (D:13)
  An orc priest (D:8)
  4 orc wizards
  14 orcs
  6 fungi
  5 plants
  A starspawn tentacle (Abyss:2)
  7 toadstools (D:1)
55 creatures vanquished.

Grand Total: 592 creatures vanquished

Notes
Turn   | Place    | Note
-------+----------+-------------------------------------------
     0 | D:1      | Gracefully the Hill Orc Fighter began the quest for the Orb.
     0 | D:1      | Reached XP level 1. HP: 19/19 MP: 1/1
   254 | D:1      | Reached XP level 2. HP: 25/26 MP: 2/2
   440 | D:1      | Reached XP level 3. HP: 29/31 MP: 3/3
   591 | D:1      | Reached skill level 5 in Axes
   723 | D:2      | Reached XP level 4. HP: 36/39 MP: 4/4
  1598 | D:3      | Reached XP level 5. HP: 43/45 MP: 5/5
  1686 | D:3      | Found an iron altar of Okawaru.
  1866 | D:3      | Found an ornate altar of the Wu Jian Council.
  1878 | D:3      | Found a white marble altar of Elyvilon.
  1878 | D:3      | Found a shimmering altar of Xom.
  1881 | D:3      | Found a burning altar of Makhleb.
  1881 | D:3      | Found a glowing silver altar of Zin.
  1881 | D:3      | Found a shadowy altar of Dithmenos.
  1951 | D:4      | Noticed an ogre
  2429 | D:4      | Found a deep blue altar of Sif Muna.
  2502 | D:4      | Reached XP level 6. HP: 24/51 MP: 6/6
  3701 | D:4      | Noticed a phantom
  3739 | D:4      | Killed a phantom
  3739 | D:4      | Reached XP level 7. HP: 42/57 MP: 7/7
  4076 | D:5      | Entered Level 5 of the Dungeon
  4094 | D:5      | Reached skill level 10 in Axes
  5654 | D:6      | Found a snail-covered altar of Cheibriados.
  5671 | D:6      | Reached XP level 8. HP: 64/64 MP: 8/8
  5900 | D:6      | Found a staircase to the Ecumenical Temple.
  6032 | D:6      | Noticed Eustachio
  6053 | D:6      | Killed Eustachio
  6207 | D:7      | Found an opulent altar of Gozag.
  6363 | D:7      | Got an ichor-stained morningstar
  6364 | D:7      | Identified the +10 morningstar of Trog's Castigation {crush, rF++} (You found it on level 7 of the Dungeon)
  6421 | D:7      | Found a shattered altar of Ashenzari.
  6532 | D:7      | Found a burning altar of Makhleb.
  6532 | D:7      | Found a shimmering altar of Xom.
  6911 | D:8      | Reached XP level 9. HP: 50/70 MP: 9/9
  6989 | D:8      | Reached skill level 5 in Maces & Flails
  7045 | D:8      | Found a blossoming altar of Fedhas.
  7047 | D:8      | Found a snail-covered altar of Cheibriados.
  7050 | D:8      | Found a glowing golden altar of the Shining One.
  7071 | D:8      | Became a worshipper of Beogh the Brigand
  7197 | D:8      | Noticed Gastronok
  7444 | D:8      | Noticed Psyche
  7451 | D:8      | Killed Psyche
  8118 | D:9      | Found a sparkling altar of Nemelex Xobeh.
  8118 | D:9      | Found Borik's Food Emporium.
  8118 | D:9      | Noticed Maurice
  8126 | D:8      | Killed Maurice
  8137 | D:9      | Reached * piety under Beogh
  8137 | D:9      | Reached skill level 10 in Maces & Flails
  8138 | D:9      | Reached XP level 10. HP: 71/76 MP: 10/10
  8181 | D:9      | Found Meull's Antique Weapon Shop.
  9075 | D:9      | Reached ** piety under Beogh
  9176 | D:9      | Got a smoking leather armour
  9189 | D:9      | Identified the +0 leather armour "Rexeasto" {rElec Int+2} (You found it on level 9 of the Dungeon)
  9226 | D:9      | Found Ydoid's Weapon Shop.
  9261 | D:10     | Entered Level 10 of the Dungeon
  9280 | D:10     | Found Teitec's Antique Weapon Emporium.
 10108 | D:10     | Reached XP level 11. HP: 35/82 MP: 11/11
 10110 | D:10     | Reached *** piety under Beogh
 10935 | D:10     | Found a staircase to the Orcish Mines.
 11264 | D:11     | Noticed a green ugly thing
 11275 | D:10     | Killed a green ugly thing
 11651 | D:11     | Found a staircase to the Lair.
 12102 | Lair:1   | Entered Level 1 of the Lair of Beasts
 12350 | Lair:1   | Reached skill level 1 in Invocations
 12868 | Lair:2   | Reached **** piety under Beogh
 12926 | Lair:2   | Noticed a four-headed hydra
 12931 | Lair:2   | Killed a four-headed hydra
 12931 | Lair:2   | Reached skill level 5 in Invocations
 12965 | Lair:2   | Reached skill level 4 in Fighting
 12970 | Lair:2   | Reached skill level 5 in Fighting
 12987 | Lair:2   | Found a dark tunnel.
 13001 | Lair:2   | Noticed an eight-headed hydra
 13005 | Lair:2   | Killed an eight-headed hydra
 13005 | Lair:2   | Reached skill level 6 in Fighting
 13068 | Lair:2   | Noticed an oklob plant
 13092 | Lair:2   | Killed an oklob plant
 13092 | Lair:2   | Reached skill level 7 in Fighting
 13094 | Lair:2   | Noticed an oklob plant
 13301 | Lair:2   | Reached skill level 8 in Fighting
 13352 | Lair:2   | Found a staircase to the Swamp.
 13360 | Lair:2   | Reached XP level 12. HP: 99/103 MP: 15/15
 13698 | Lair:3   | Reached skill level 9 in Fighting
 13840 | Lair:3   | Reached skill level 10 in Fighting
 14175 | Lair:3   | Reached skill level 11 in Fighting
 14761 | Lair:4   | Noticed a five-headed hydra
 14767 | Lair:4   | Killed a five-headed hydra
 14827 | Lair:4   | Gained Wargath as an ally
 14839 | Lair:4   | Reached skill level 12 in Fighting
 15132 | Lair:4   | Found a hole to the Spider Nest.
 15409 | Lair:4   | Reached skill level 13 in Fighting
 16186 | Lair:5   | Found a staircase to the Slime Pits.
 16247 | Lair:5   | Found a basalt altar of Yredelemnul.
 16285 | Lair:5   | Noticed a four-headed hydra
 16290 | Lair:5   | Killed a four-headed hydra
 16399 | Lair:5   | Reached ***** piety under Beogh
 16450 | Lair:5   | Reached skill level 14 in Fighting
 16504 | Lair:5   | Reached XP level 13. HP: 124/124 MP: 16/16
 16582 | Lair:5   | Noticed Josephine
 16587 | Lair:5   | Killed Josephine
 17023 | Lair:6   | Entered Level 6 of the Lair of Beasts
 17048 | Lair:6   | Gained Brunolf as an ally
 17048 | Lair:6   | Reached skill level 15 in Fighting
 17166 | Lair:6   | Gained Borgk as an ally
 17286 | Lair:6   | Noticed Rupert
 17941 | D:12     | Reached skill level 16 in Fighting
 18902 | D:13     | Noticed Kirke
 18975 | D:13     | Killed Kirke
 18975 | D:13     | Reached skill level 17 in Fighting
 19938 | D:13     | Reached XP level 14. HP: 137/141 MP: 17/17
 20041 | D:14     | Reached skill level 18 in Fighting
 20367 | D:14     | Reached ****** piety under Beogh
 20394 | D:14     | Your ally Borgk died
 20398 | D:14     | Your ally Brunolf died
 20530 | D:14     | Reached skill level 19 in Fighting
 20549 | D:14     | Your ally Wargath died
 20648 | D:14     | Cast into level 2 of the Abyss (a wizard)
 20896 | Abyss:2  | Noticed a starcursed mass
 20900 | Abyss:2  | Found a corrupted altar of Lugonu.
 21053 | Abyss:2  | Found a corrupted altar of Lugonu.
 21057 | Abyss:2  | Noticed a starcursed mass
 21059 | Abyss:2  | Noticed a starcursed mass
 21060 | Abyss:2  | Noticed a tentacled starspawn
 21216 | Abyss:2  | Found a hide-covered altar of Uskayaw.
 21394 | Abyss:2  | Noticed a tentacled starspawn
 21398 | Abyss:2  | Killed a tentacled starspawn
 21404 | Abyss:2  | Reached skill level 20 in Fighting
 21499 | Abyss:2  | Slain by a large abomination

Vault maps used:
D:1:      nagdon_arrival_zigzag_paths
D:2:      first_ration, columned_hall_lemuel
D:3:      old_standard_altar, doesnt_xom_only_xom
D:4:      nicolae_overflow_crystal_walls
D:6:      temple_green, cheibriados_altar_1, uniq_eustachio
D:7:      grunt_temple_overflow_champion_of_chaos, overflow_temple_1_default,
          nicolae_gozag_cash_rules_everything_around_me
D:8:      statuecave_lemuel, grunt_temple_overflow_open, uniq_psyche,
          uniq_gastronok
D:9:      overflow_temple_1_default, special_room, serial_shops,
          nicolae_shop_crystal, kennysheep_little_box,
          nicolae_shop_behind_doors, uniq_maurice
D:10:     david_orc_4, special_room, serial_shops, shop
D:11:     erik_lair_orcish_takeover, grunt_pizzeria
D:12:     spider_trap
D:13:     uniq_kirke
D:14:     grunt_vaults_entry_tiered, minmay_misc_feat_room, elyvilon_altar_3
Lair:1:   minmay_holes, grunt_megastairs_1, serial_bayou_shore_b,
          lemuel_fruit_fields, lemuel_fruit_fields
Lair:2:   minmay_swamp_entry_worms, nicolae_volcano_entry_hallway,
          beast_lair_carwin_2, minmay_lair_oklob_chamber, lemuel_fruit_tree,
          grunt_megastairs_5, infiniplex_staircase_pool
Lair:4:   nicolae_spider_entry_orb_guardian, ice2_lemuel
Lair:5:   minmay_slime_entry_jelly_boxes, basic_altar, uniq_josephine
Lair:6:   gammafunk_lair_ancient_temple, st_stairs_13, uniq_rupert
Abyss:2:  guppyfry_abyss_exit_imp_island

Skill      XL: |  1  2  3  4  5  6  7  8  9 10 11 12 13 14 |
---------------+-------------------------------------------+-----
Axes           | 3 4 5 6 8 9 11 12 | 12.9
Maces & Flails | 4 10 13 14 | 14.7
Invocations    | 5 |  5.2
Fighting       | 8 14 17 20 | 20.0
Armour         | |  3.2
Shields        | |  3.2

Action                   |  1- 3 |  4- 6 |  7- 9 | 10-12 | 13-15 || total
-------------------------+-------+-------+-------+-------+-------++-------
Melee: War axe           |    77 |   156 |   165 |       |       ||   398
       Morningstar       |       |       |    97 |   461 |   390 ||   948
Throw: Stone             |     8 |    39 |   101 |   174 |    65 ||   387
Invok: Convert to Beogh  |       |       |     1 |       |       ||     1
       Smiting           |       |       |       |     7 |     1 ||     8
       Recall Orcish Fol |       |       |       |       |     2 ||     2
  Use: Scroll            |       |     7 |     6 |     9 |    12 ||    34
       Potion            |       |     1 |       |     3 |     5 ||     9
 Stab: Distracted        |       |       |       |     1 |     1 ||     2
  Eat: Chunk             |       |     5 |     8 |     6 |     3 ||    22
       Ration            |       |     1 |     2 |     6 |     4 ||    13
Armor: Scale mail        |    45 |    90 |    98 |   165 |   168 ||   566
Dodge: Dodged            |    49 |    85 |    99 |   226 |   243 ||   702

Table legend:
 A = Spawn XP
 B = Non-spawn XP
 C = Spawn XP percentage of total XP
 D = Spawn monster count
 E = Non-spawn monster count
 F = Spawn count percentage of total count
 G = Total turns spent on level
                    A         B        C        D         E        F      G
               +---------+---------+-------+---------+---------+-------+---------
         Total |    2409 |   73136 |   3.2 |       7 |     516 |   1.3 | 21499
               +---------+---------+-------+---------+---------+-------+---------
           D:1 |       0 |      57 |   0.0 |       0 |      24 |   0.0 |   641
           D:2 |       0 |      84 |   0.0 |       0 |      20 |   0.0 |   685
           D:3 |       0 |      62 |   0.0 |       0 |      15 |   0.0 |  1163
           D:4 |       0 |     482 |   0.0 |       0 |      10 |   0.0 |  1587
           D:5 |       0 |     173 |   0.0 |       0 |      14 |   0.0 |   985
           D:6 |       0 |     730 |   0.0 |       0 |      20 |   0.0 |  1038
           D:7 |       0 |     667 |   0.0 |       0 |      17 |   0.0 |   752
           D:8 |       0 |    2375 |   0.0 |       0 |      30 |   0.0 |  1466
           D:9 |       0 |    3199 |   0.0 |       0 |      39 |   0.0 |  1105
          D:10 |       0 |    2621 |   0.0 |       0 |      47 |   0.0 |  1860
          D:11 |       0 |    1726 |   0.0 |       0 |      18 |   0.0 |   844
          D:12 |       0 |    4875 |   0.0 |       0 |      22 |   0.0 |   911
          D:13 |       0 |    9827 |   0.0 |       0 |      34 |   0.0 |  1268
          D:14 |       0 |    9639 |   0.0 |       0 |      33 |   0.0 |   607
        Lair:1 |       0 |     696 |   0.0 |       0 |       6 |   0.0 |   750
        Lair:2 |       0 |    6236 |   0.0 |       0 |      27 |   0.0 |   891
        Lair:3 |       0 |    3991 |   0.0 |       0 |      24 |   0.0 |   984
        Lair:4 |       0 |    5427 |   0.0 |       0 |      34 |   0.0 |  1528
        Lair:5 |       0 |    6757 |   0.0 |       0 |      38 |   0.0 |  1394
        Lair:6 |       0 |    5003 |   0.0 |       0 |      22 |   0.0 |   189
       Abyss:2 |    2409 |    8509 |  22.1 |       7 |      22 |  24.1 |   851
               +---------+---------+-------+---------+---------+-------+---------
